 Dungeon Crawl Stone Soup version 0.30.1 (webtiles) character file.

Game seed: 12911755660024630526

5488 Graphine the Jinx (level 10, -6/73 HPs)
             Began as a Felid Enchanter on July 12, 2023.
             Was a High Priest of Sif Muna.
             Mangled by dondy's ghost (21 damage)
             ... on level 4 of the Lair of Beasts.
             The game lasted 01:01:22 (13849 turns).

Graphine the Jinx (Felid Enchanter)                Turns: 13849, Time: 01:01:23

Health: -6/73      AC:  7    Str:  4    XL:     10   Next: 42%
Magic:  23/23      EV: 29    Int: 22    God:    Sif Muna [*****.]
Gold:   728        SH:  0    Dex: 16    Spells: 2/25 levels left
                                        Lives:  0   Deaths: 2

rFire   . .          .
                       - Unarmed
rCold   + . .        (shield unavailable)
rNeg    . . .        (body armour unavailable)
rPois   .            (helmet unavailable)
rElec   .            (cloak unavailable)
rCorr   .            (gloves unavailable)
SInv    +            (boots unavailable)
Will    +....        o - amulet of regeneration Stlth
                     b - +4 ring of protection
HPRegen 1.12/turn    I - +5 ring of evasion
MPRegen 0.18/turn

%: no passive effects
@: berserking (expiring), very quick
A: very small, claws 1, fangs 3, see invisible, speed 1, shaggy fur 3, stealthy
paws, no weapons or thrown items, no armour, multi-lived
a: Renounce Religion, Channel Magic, Forget Spell, Divine Exegesis


You were on level 4 of the Lair of Beasts.
You worshipped Sif Muna.
Sif Muna was extremely pleased with you.
You visited 3 branches of the dungeon, and saw 13 of its levels.
You also visited: Ossuary and Bailey.

You collected 728 gold pieces.

Inventory:

Jewellery
 b - a +4 ring of protection (left paw)
 m - a +6 ring of intelligence
 o - an amulet of regeneration (around neck)
 x - a ring of ice
 I - a +5 ring of evasion (right paw)
 J - a ring of fire
Wands
 j - a wand of charming (9)
 p - a wand of polymorph (5)
 u - a wand of flame (15)
 v - a wand of mindburst (11)
Scrolls
 c - 6 scrolls of teleportation
 e - a scroll of poison
 l - 2 scrolls of torment
 t - 5 scrolls of amnesia
 y - a scroll of brand weapon
 z - a scroll of fog
 A - a scroll of immolation
 F - a scroll of fear
 H - a scroll of butterflies
Potions
 a - 2 potions of invisibility
 d - 3 potions of lignification
 f - 7 potions of attraction
 g - 2 potions of cancellation
 h - 2 potions of flight
 i - 2 potions of magic
 k - 11 potions of haste
 r - a potion of ambrosia
 s - 5 potions of might
 w - 3 potions of mutation
 C - 3 potions of brilliance
Miscellaneous
 B - a tin of tremorstones (1/2)


   Skills:
 + Level 8.4 Fighting
 + Level 11.4 Dodging
 + Level 12.5 Stealth
 + Level 8.7 Unarmed Combat
 + Level 8.1 Spellcasting
 + Level 12.7 Hexes


You had 2 spell levels left.
You knew the following spells:

 Your Spells              Type           Power      Damage    Failure   Level
a - Ensorcelled Hibernat  Hex/Ice        74%        N/A       1%          2
b - Confusing Touch       Hex            60%        N/A       1%          3
c - Tukima's Dance        Hex            60%        N/A       1%          3
d - Dazzling Flash        Conj/Hex       74%        N/A       1%          3
e - Anguish               Hex/Necr       18%        N/A       5%          4
f - Discord               Hex            30%        N/A       95%         8

Your spell library contained the following spells:

 Spells                   Type           Power      Damage    Failure   Level
 Freeze                   Ice            32%        1d5       8%          1
 Sandblast                Erth           16%        2d6       8%          1
 Lesser Beckoning         Tloc           16%        N/A       11%         2
 Passwall                 Tmut/Erth      6%         N/A       11%         2
 Yara's Violent Unravell  Hex/Tmut       18%        3d9       14%         5
 Frozen Ramparts          Ice            16%        1d3       22%         3
 Gell's Gravitas          Tloc           8%         N/A       22%         3
 Hailstorm                Conj/Ice       8%         3d4       22%         3
 Spider Form              Tmut/Pois      8%         N/A       22%         3
 Stone Arrow              Conj/Erth      16%        3d8       22%         3
 Teleport Other           Tloc           8%         N/A       22%         3
 Passage of Golubria      Tloc           8%         N/A       58%         4
 Conjure Ball Lightning   Conj/Air       4%         3x3d6     100%        6
 Disjunction              Tloc           4%         N/A       100%        8
 Lehudib's Crystal Spear  Conj/Erth      4%         10d3      100%        8
 Animate Armour           Summ/Erth      Unusable   N/A       N/A         4

Dungeon Overview and Level Annotations

Branches:
Dungeon (8/15)             Temple (1/1) D:7            Lair (4/5) D:8
  Swamp (0/4) Lair:3       Spider (0/4) Lair:2        Slime (0/5) Lair:4
Ossuary (visited)          Bailey (visited)

Altars:
Cheibriados
Dithmenos
Elyvilon
Fedhas
Hepliaklqana
Kikubaaqudgha
Qazlal
Ru
Sif Muna
Trog
Vehumet
Wu Jian
Xom
Zin
The Shining One
Jiyva

Shops:
D:2 ?

Annotations:
Lair:4 exclusion: 5 oklob plants, dondy's ghost, journeyman MiGl


Innate Abilities, Weirdness & Mutations

You have sharp claws.
You have razor-sharp teeth.
You have supernaturally acute eyesight. (SInv)
You cover ground quickly. (Speed+)
Your thick and shaggy fur keeps you warm. (AC +3, rC+)
Your paws help you pounce on unaware monsters.
You are incapable of wielding weapons or throwing items.
You cannot wear armour.
You gain extra lives every three experience levels.


Message History

You scratch dondy's ghost but do no damage.
You claw dondy's ghost. Your bite misses dondy's ghost.
Dondy's ghost is lightly damaged.
Dondy's ghost hits you!
* * * LOW HITPOINT WARNING * * *
Dondy's ghost freezes you.
* * * LOW HITPOINT WARNING * * *
Unknown command.
Attack: -) Teeth and claws
Press: ? - help, Dir - move target, f/p - dondy's ghost
Aim: dondy's ghost, wielding a weapon of freezing (lightly damaged, chance to confuse on hit: 16%, about 41% to evade your paws)
You scratch dondy's ghost but do no damage.
Dondy's ghost is lightly damaged.
Unknown command.
Attack: -) Teeth and claws
Press: ? - help, Dir - move target, f/p - dondy's ghost
Aim: dondy's ghost, wielding a weapon of freezing (lightly damaged, chance to confuse on hit: 16%, about 41% to evade your paws)
You scratch dondy's ghost but do no damage.
Dondy's ghost is lightly damaged.
Dondy's ghost closely misses you.
Attack: -) Teeth and claws
Press: ? - help, Dir - move target, f/p - dondy's ghost
Aim: dondy's ghost, wielding a weapon of freezing (lightly damaged, chance to confuse on hit: 16%, about 41% to evade your paws)
You scratch dondy's ghost but do no damage.
Dondy's ghost appears confused.
Dondy's ghost is lightly damaged.
Attack: -) Teeth and claws
Press: ? - help, Dir - move target, f/p - dondy's ghost
Aim: dondy's ghost, wielding a weapon of freezing (lightly damaged, confused, about 22% to evade your paws)
You scratch dondy's ghost but do no damage.
Dondy's ghost is lightly damaged.
Unknown command.
You are too injured to fight recklessly!
Attack: -) Teeth and claws
Press: ? - help, Dir - move target, f/p - dondy's ghost
Aim: dondy's ghost, wielding a weapon of freezing (lightly damaged, confused, about 22% to evade your paws)
You scratch dondy's ghost but do no damage.
Dondy's ghost is lightly damaged.
Dondy's ghost hits you!!
You die...

#.....#
#..#....................#
##.._P#
###.(.........P.....#....
##.PPP #..#......P............
...>.# ##......................
##P...#
#....................... ###.##
##...................... ##
#......................
####..............#....##.
##).......@................
#..........W..##..##....P..
##.................##..#...
##............≈≈§§#P..##..
#............≈§§.#...##..
#............≈§≈.........
#............≈§≈§#...#...
##...#........≈≈≈§........
######...###......§§..§§.......


You could see dondy's ghost (confused).

Vanquished Creatures
  An azure jelly (Lair:4)
  Harold (Lair:1)
  A great orb of eyes (Lair:4)
  A hydra (Lair:4)
  A death yak (D:8)
  A black mamba (Lair:3)
  2 eyes of devastation (Lair:4)
  8 cane toads
  2 rime drakes
  A meliai (Lair:2)
  3 komodo dragons
  2 tyrant leeches (Lair:3)
  6 blink frogs
  A polar bear (Lair:4)
  A hornet (Lair:2)
  7 dream sheep (Lair:3)
  2 slime creatures (Lair:4)
  8 yaks
  A wyvern (Lair:1)
  3 fire bats (Lair:3)
  An acid dragon (D:8)
  11 water moccasins
  Duvessa (D:5)
  An orc warrior (D:8)
  A black bear (D:6)
  2 ogres
  10 wolves
  2 kobold brigands
  13 bullfrogs
  3 scorpions
  6 wights (D:7)
  4 jellies
  Dowan (D:5)
  2 killer bees (Lair:2)
  An electric eel (Lair:4)
  A lava snake (Lair:4)
  A gnoll bouda (D:7)
  An iguana (D:5)
  4 orc priests
  2 hounds
  Terence (D:3)
  5 orc wizards
  12 mummies (Ossuary)
  11 gnolls
  8 adders
  A river rat (D:8)
  A shadow imp (D:7)
  A white imp (D:7)
  3 worms
  6 dart slugs
  26 orcs
  4 bats
  5 endoplasms
  5 giant cockroaches
  4 goblins
  8 hobgoblins
  4 jackals (D:4)
  6 kobolds
  4 quokkas
  8 ball pythons
  5 frilled lizards
  4 goblin skeletons (Ossuary)
  2 kobold skeletons (Ossuary)
  2 orc skeletons (Ossuary)
  3 rats
  11 rat skeletons (Ossuary)
271 creatures vanquished.

Vanquished Creatures (collateral kills)
  2 orc warriors
  Blork the orc (D:5)
  6 wights
  An orc priest (D:8)
  2 orc wizards
  7 gnolls
  12 orcs
  A goblin (D:7)
  A quokka (D:8)
  3 kobolds (D:8)
36 creatures vanquished.

Vanquished Creatures (others)
  17 dancing weapons
  An electric eel (Lair:4)
  A hound (D:5)
  An orc wizard (D:5)
  An adder (D:5)
21 creatures vanquished.

Grand Total: 328 creatures vanquished

Notes
Turn   | Place    | Note
-------+----------+-------------------------------------------
     0 | D:1      | Graphine the Felid Enchanter began the quest for the Orb.
     0 | D:1      | Reached XP level 1. HP: 7/7 MP: 4/4
   206 | D:1      | Reached XP level 2. HP: 11/11 MP: 6/6
   241 | D:1      | Learned a level 2 spell: Ensorcelled Hibernation
   885 | D:2      | Found Oroczale's Magic Scroll Emporium.
   962 | D:2      | Reached XP level 3. HP: 15/15 MP: 4/7
  1072 | D:2      | Reached skill level 1 in Fighting
  1073 | D:2      | Reached skill level 5 in Hexes
  1085 | D:2      | Reached XP level 4. HP: 6/19 MP: 5/8
  1290 | D:2      | Learned a level 3 spell: Confusing Touch
  1883 | D:2      | Learned a level 3 spell: Tukima's Dance
  1948 | D:2      | Reached skill level 5 in Stealth
  1948 | D:2      | Reached XP level 5. HP: 21/22 MP: 0/9
  2376 | D:3      | Gained mutation: You are covered in thick fur. (AC +2)
                  | [Felid growth]
  2376 | D:3      | Reached XP level 6. HP: 19/26 MP: 1/11
  2589 | D:3      | Noticed Terence
  2592 | D:3      | Killed Terence
  3072 | D:4      | Learned a level 3 spell: Dazzling Flash
  3873 | D:5      | Entered Level 5 of the Dungeon
  3877 | D:5      | Noticed Blork the orc
  3887 | D:5      | Killed Blork the orc
  3888 | D:5      | Reached XP level 7. HP: 17/30 MP: 1/12
  4133 | D:5      | Reached skill level 5 in Dodging
  4307 | D:5      | Noticed Duvessa
  4309 | D:5      | Noticed Dowan
  4437 | D:5      | Killed Dowan
  4827 | D:5      | Killed Duvessa
  4828 | D:5      | Reached XP level 8. HP: 22/35 MP: 9/14
  5326 | D:6      | Identified the +1 leather armour "Estrieg" {rF+}
  5681 | D:6      | You fall into a shaft and drop 1 floor!
  5692 | D:7      | Found a staircase to the Ecumenical Temple.
  5705 | Temple   | Entered the Ecumenical Temple
  5737 | Temple   | Became a worshipper of Sif Muna the Loreminder
  5818 | D:7      | Found an ancient bone altar of Kikubaaqudgha.
  6074 | D:7      | Found a flagged portal.
  6095 | Bailey   | Entered a bailey
  6251 | Bailey   | Reached * piety under Sif Muna
  6577 | Bailey   | Reached XP level 9. HP: 39/39 MP: 8/17
  6786 | D:7      | Identified the staff of conjuration "Amnue" {Will+}
  6969 | D:7      | Reached skill level 5 in Unarmed Combat
  7167 | D:7      | Reached skill level 5 in Spellcasting
  7211 | D:7      | Reached ** piety under Sif Muna
  7274 | D:7      | Reached skill level 5 in Fighting
  7605 | D:8      | Found a sand-covered staircase.
  7610 | Ossuary  | Entered an ossuary
  7951 | Ossuary  | Reached *** piety under Sif Muna
  7989 | D:8      | Found a white marble altar of Elyvilon.
  8004 | D:8      | Noticed a death yak
  8006 | D:8      | Found a staircase to the Lair.
  8044 | D:8      | HP: 2/40 [acid dragon/splash of acid (25)]
  8060 | D:8      | HP: 2/40 [death yak (21)]
  8066 | D:8      | Found a glowing silver altar of Zin.
  8068 | D:8      | Found a glowing golden altar of the Shining One.
  8186 | D:8      | Killed a death yak
  8421 | D:8      | Learned a level 4 spell: Anguish
  8611 | D:8      | Noticed a death yak
  8611 | D:8      | Noticed a death yak
  9037 | Lair:1   | Entered Level 1 of the Lair of Beasts
  9101 | Lair:1   | Noticed a cane toad
  9104 | Lair:1   | Noticed Harold
  9108 | Lair:1   | Killed a cane toad
  9109 | Lair:1   | Reached XP level 10. HP: 45/45 MP: 16/19
  9183 | Lair:1   | Killed Harold
  9184 | Lair:1   | Reached skill level 10 in Hexes
  9470 | Lair:1   | Reached skill level 10 in Stealth
  9678 | Lair:1   | Noticed a cane toad
  9711 | Lair:1   | Killed a cane toad
 10212 | Lair:1   | Reached XP level 11. HP: 49/49 MP: 15/21
 10573 | Lair:1   | Reached **** piety under Sif Muna
 10831 | Lair:2   | Reached skill level 10 in Dodging
 10871 | Lair:2   | Found a hole to the Spider Nest.
 12078 | Lair:3   | Found a staircase to the Swamp.
 12292 | Lair:3   | Learned a level 8 spell: Discord
 12493 | Lair:4   | Noticed a four-headed hydra
 12568 | Lair:4   | Killed a four-headed hydra
 12569 | Lair:4   | Gained mutation: Your thick and shaggy fur keeps you warm.
                  | (AC +3, rC+) [Felid growth]
 12569 | Lair:4   | Reached XP level 12. HP: 27/55 MP: 19/24
 12722 | Lair:4   | Found a viscous altar of Jiyva.
 12722 | Lair:4   | Found a staircase to the Slime Pits.
 13140 | Lair:4   | Found a runed translucent gate.
 13140 | Lair:4   | Found a runed translucent gate.
 13141 | Lair:4   | Found a runed translucent gate.
 13141 | Lair:4   | Noticed an azure jelly
 13141 | Lair:4   | Noticed an acid blob
 13142 | Lair:4   | Noticed dondy's ghost (journeyman MiGl)
 13142 | Lair:4   | Noticed a great orb of eyes
 13143 | Lair:4   | Noticed an azure jelly
 13146 | Lair:4   | Found a viscous altar of Jiyva.
 13296 | Lair:4   | Killed an azure jelly
 13433 | Lair:4   | Killed a great orb of eyes
 13613 | Lair:4   | Reached ***** piety under Sif Muna
 13703 | Lair:4   | Mangled by an azure jelly
 13704 | Lair:4   | Reached XP level 11. HP: -8/52 MP: 22/24
 13770 | Lair:4   | HP: 3/78 [azure jelly (9)]
 13770 | Lair:4   | Demolished by an azure jelly
 13771 | Lair:4   | Reached XP level 10. HP: -16/72 MP: 22/23
 13789 | Lair:4   | Killed an eye of devastation
 13849 | Lair:4   | Mangled by dondy's ghost

Illustrated notes

Levels and vault maps discovered:
D:1:      dpeg_arrival_pits, layout_loops_ring
D:2:      layout_basic, serial_shops, shop
D:3:      layout_basic, uniq_terence
D:4:      layout_gridville, minmay_quantized
D:5:      layout_cave_pools, uniq_duvessa, uniq_blork_the_orc
D:6:      layout_gridville
D:7:      minmay_chambers_of_fours, layout_rooms, mainiacjoe_overflow_catwalk,
          minmay_temple_entry_hall, enter_bailey_3
D:8:      layout_basic, dreamdust_divine_triumvirate, dpeg_lair_monsters,
          enter_ossuary_2
Temple:   minmay_temple_bridge_abc
Lair:1:   layout_cave_pods, beast_lair_carwin_2, uniq_harold
Lair:2:   layout_chaotic_city, hellmonk_spider_entry_not_the_bees,
          serial_bayou_shore_b, grunt_megastairs_4
Lair:3:   layout_regular_city, minmay_swamp_entry_worms,
          nicolae_volcano_entry_batcave, lemuel_fruit_fields, grunt_megastairs_2
Lair:4:   layout_gridlike, minmay_slime_entry_oklob_enclosed,
          gammafunk_ghost_ooze, serial_bayou_pond_c

Skill      XL: |  1  2  3  4  5  6  7  8  9 10 11 12 |
---------------+-------------------------------------+-----
Dodging        | 3 4 5 6 8 9 10 11 | 11.4
Fighting       | 1 2 3 4 5 6 7 8 |  8.4
Hexes          | 5 6 7 8 9 10 12 | 12.7
Unarmed Combat | 2 3 4 6 7 8 |  8.7
Stealth        | 5 6 7 9 10 12 | 12.5
Spellcasting   | 3 4 5 6 7 8 |  8.1

Action                     |  1- 3 |  4- 6 |  7- 9 | 10-12 || total
---------------------------+-------+-------+-------+-------++-------
  Melee: Unarmed           |    85 |   152 |   441 |   393 ||  1071
         Bite              |     8 |    17 |    64 |    74 ||   163
         Punch             |     1 |     6 |    19 |    31 ||    57
   Cast: Ensorcelled Hiber |     9 |    36 |    55 |    48 ||   148
         Tukima's Dance    |       |    11 |    58 |     2 ||    71
         Confusing Touch   |       |     6 |    34 |    56 ||    96
         Dazzling Flash    |       |       |     5 |     3 ||     8
         Anguish           |       |       |       |     2 ||     2
  Evoke: Wand              |       |       |    15 |     8 ||    23
         Tin of tremorston |       |       |       |     2 ||     2
    Use: Scroll            |     3 |     6 |    16 |    13 ||    38
         Potion            |     1 |     2 |     4 |     8 ||    15
   Stab: Sleeping          |    15 |    25 |    47 |    35 ||   122
         Invisible         |     4 |       |     5 |       ||     9
         Confused          |       |     4 |    23 |    47 ||    74
         Distracted        |       |       |       |     1 ||     1
 Armour: Skin              |    11 |    33 |    49 |    32 ||   125
  Dodge: Dodged            |    71 |   150 |   338 |   327 ||   886
